 Dungeon Crawl Stone Soup version 0.29-a0-110-g189f89ecda (webtiles) character file.

Game seed: 11676370380016695038

101988 Murumi the Peltast (level 16, -4/131 HPs)
             Began as a Formicid Fighter on Feb 17, 2022.
             Was a High Priest of Okawaru.
             Slain by a radroach (42 damage)
             ... on level 1 of the Spider Nest.
             The game lasted 02:05:25 (38859 turns).

Murumi the Peltast (Formicid Fighter)              Turns: 38859, Time: 02:05:26

Health: -4/131     AC: 21    Str: 19    XL:     16   Next: 84%
Magic:  22/22      EV:  7    Int: 16    God:    Okawaru [*****.]
Gold:   2221       SH: 20    Dex: 16    Spells: 15/15 levels left

rFire   . . .      SeeInvis +   a - +2 triple sword (holy)
rCold   + + .      Faith    +   B - +0 tower shield
rNeg    . . .      Spirit   .   z - +2 plate armour {rPois}
rPois   +          Reflect  .   (helmet unavailable)
rElec   .          Harm     .   F - scarf {repulsion}
rCorr   .          Rampage  .   D - +0 pair of gloves
Will    ++...                   x - +0 pair of boots {Stlth+}
Stlth   ..........              H - amulet of faith
HPRegen 0.31/turn               N - ring of the Piercing Traitor {rC+ Slay+2}
MPRegen 0.18/turn               J - +6 ring of dexterity

@: very slightly contaminated, repel missiles
A: permanent stasis, dig shafts and tunnels, antennae 3, four strong arms, cold
resistance 1, strong-willed 1, weak 1
a: Dig, Shaft Self, Renounce Religion, Heroism, Finesse, Duel


You were on level 1 of the Spider Nest.
You worshipped Okawaru.
Okawaru was extremely pleased with you.
You visited 4 branches of the dungeon, and saw 24 of its levels.

You collected 2800 gold pieces.
You spent 579 gold pieces at shops.

Inventory:

Hand Weapons
 a - a +2 triple sword of holy wrath (weapon)
 c - a +4 vorpal arbalest
 f - the +9 hand crossbow of Ambiguity {flame, Will+}
   (Okawaru gifted it to you on level 1 of the Orcish Mines)

   Any ammunition fired from it burns those it strikes, dealing additional fire
   damage.
   Will:      It increases your willpower.
 h - a +1 great sword of flaming
Missiles
 b - 85 bolts
 m - 2 throwing nets
Armour
 k - the +1 plate armour of the Rose {+Blink rElec rN++ Int-2}
   (You found it on level 3 of the Lair of Beasts)

   Int:       It affects your intelligence (-2).
   rElec:     It insulates you from electricity.
   rN:        It greatly protects you from negative energy.
   +Blink:    It lets you blink.
 x - a +0 pair of boots of stealth (worn)
 z - a +2 plate armour of poison resistance (worn)
 B - a +0 tower shield (worn)
 D - a +0 pair of gloves (worn)
 F - a scarf of repulsion (worn)
Jewellery
 e - an amulet of reflection
 y - a ring of protection from cold
 H - an amulet of faith (around neck)
 J - a +6 ring of dexterity (right hand)
 N - the ring of the Piercing Traitor (left hand) {rC+ Slay+2}
   (You found it on level 14 of the Dungeon)

   [ring of protection from cold]

   Slay:      It affects your accuracy & damage with ranged weapons and melee
   (+2).
   rC:        It protects you from cold.
Wands
 v - a wand of paralysis (9)
 w - a wand of polymorph (21)
 I - a wand of mindburst (4)
Scrolls
 g - 4 scrolls of fog
 l - 6 scrolls of amnesia
 n - 4 scrolls of magic mapping
 s - 6 scrolls of enchant armour
 t - 3 scrolls of fear
 L - 7 scrolls of identify
Potions
 d - 5 potions of might
 i - 5 potions of mutation
 j - a potion of magic
 o - 5 potions of flight
 p - 4 potions of resistance
 q - 4 potions of invisibility
 r - 4 potions of lignification
 u - a potion of heal wounds
 A - 6 potions of curing
 C - 3 potions of attraction
 E - 4 potions of brilliance
 G - a potion of ambrosia
 K - a potion of cancellation


   Skills:
 + Level 13.2 Fighting
 - Level 12.0 Long Blades
 - Level 12.0 Crossbows
 - Level 13.0 Armour
 - Level 5.0 Dodging
 - Level 16.0 Shields
 - Level 9.0 Invocations
 - Level 8.0 Evocations


You had 15 spell levels left.
You didn't know any spells.
Your spell library contained the following spells:

 Spells                   Type           Power      Damage    Failure   Level
 Foxfire                  Conj/Fire      0%         2x1d4     100%        1
 Freeze                   Ice            0%         1d3       100%        1
 Sandblast                Erth           0%         2d4       100%        1
 Corpse Rot               Necr/Air       0%         N/A       100%        2
 Passwall                 Tmut/Erth      0%         N/A       100%        2
 Poisonous Vapours        Pois/Air       0%         N/A       100%        2
 Static Discharge         Conj/Air       0%         N/A       100%        2
 Conjure Flame            Conj/Fire      0%         6-21      100%        3
 Frozen Ramparts          Ice            0%         1d2       100%        3
 Inner Flame              Hex/Fire       0%         N/A       100%        3
 Ozocubu's Armour         Ice            0%         N/A       100%        3
 Portal Projectile        Hex/Tloc       0%         N/A       100%        3
 Stone Arrow              Conj/Erth      0%         3d7       100%        3
 Dispel Undead            Necr           0%         3d6       100%        4
 Flame Wave               Conj/Fire      0%         2d4       100%        4
 Hailstorm                Conj/Ice       0%         3d3       100%        4
 Ice Form                 Ice/Tmut       0%         N/A       100%        4
 Leda's Liquefaction      Hex/Erth       0%         N/A       100%        4
 Sticky Flame             Conj/Fire      0%         2d3       100%        4
 Orb of Destruction       Conj           0%         9d5       100%        7
 Ozocubu's Refrigeration  Ice            0%         4d5       100%        7
 Lehudib's Crystal Spear  Conj/Erth      0%         10d2      100%        8
 Necromutation            Tmut/Necr      0%         N/A       100%        8
 Summon Small Mammal      Summ           Unusable   N/A       N/A         1
 Call Canine Familiar     Summ           Unusable   N/A       N/A         3
 Summon Guardian Golem    Hex/Summ       Unusable   N/A       N/A         3
 Animate Armour           Summ/Erth      Unusable   N/A       N/A         4
 Death Channel            Necr           Unusable   N/A       N/A         6
 Malign Gateway           Summ/Tloc      Unusable   N/A       N/A         7
 Spellforged Servitor     Conj/Summ      Unusable   N/A       N/A         7

Dungeon Overview and Level Annotations

Branches:
Dungeon (15/15)            Temple (0/1) D:7            Lair (6/6) D:11
 Shoals (0/4) Lair:4       Spider (1/4) Lair:3        Slime (0/5) Lair:6
    Orc (2/2) D:9             Elf (0/3) Orc:2        Vaults (0/5) D:13
 Depths (0/4) D:15

Altars:
Cheibriados
Elyvilon
Hepliaklqana
Nemelex Xobeh
Okawaru
Qazlal
Ru
Trog
Uskayaw
Vehumet
Wu Jian
Xom
The Shining One
Beogh
Jiyva

Shops:
D:6 ([   D:11 (*   Orc:1 *   Orc:2 (([(

Portals:
Trove: D:15 (give +3 shadow dragon scales)

Annotations:
Lair:6 1 runed translucent door


Innate Abilities, Weirdness & Mutations

You cannot be hasted, slowed, berserked, paralysed or teleported.
You can dig through walls and to a lower floor.
You have a pair of large antennae on your head. (SInv)
Your four strong arms can wield two-handed weapons with a shield.
Your flesh is cold resistant. (rC+)
You are strong-willed. (Will+)
You are weak. (Str -2)


Message History

You feel extremely sick. You block the redback's attack.
The redback bites you but does no damage.
You barely miss the redback.
The redback is heavily wounded.
You feel very sick. You block the redback's attack.
You slice the redback!!
You kill the redback!
Okawaru accepts your kill.
You feel very sick.
A jumping spider comes into view.
Your +2 triple sword of holy wrath stops glowing.
The +9 hand crossbow of Ambiguity {flame, Will+} bursts into flame!
f - the +9 hand crossbow of Ambiguity (weapon)
{flame, Will+} You feel sick.
Fire: 66 bolts
Press: ? - help, Q - select action, (/) - cycle Shift-Dir - straight line, f - you
Okay, then.
Press: ? - help, v - describe, . - travel, g - get item
Here: a radroach (lightly wounded) Item here: a tarantella corpse.
The floor, spattered with blood.
You're too confused to move!
The radroach erupts in a fountain of uncontrolled magic!
You are blasted with magical radiation!!!
* * * LOW HITPOINT WARNING * * *
You are very lightly contaminated with residual magic.
You bump into the rock wall.
The radroach bites you but does no damage.
The radroach claws you but does no damage.
You bump into the rock wall.
The radroach bites you!
* * * LOW HITPOINT WARNING * * *
The radroach claws you but does no damage.
You feel better. You block the radroach's attack. x2
You hit the radroach but do no damage.
The radroach is lightly wounded.
The radroach erupts in a fountain of uncontrolled magic!
You are blasted with magical radiation!!!
You die...

### #.. {{#.## #..
######..###... #..
#@#†.........# ##.
##B#.........###..
{ ###.#...#....#...
{ ##.##...# #.. #..
## #####^..#....#
##### #. {
#.#.....###.##
#.#.# ##..
##......##.###
###.... #..s
##..........#
#.#....
##.(.#...s##.....##
#.....#


You could see a radroach.

Vanquished Creatures
  An emperor scorpion (Spider:1)
  2 orc warlords
  Louise (Spider:1)
  A dire elephant (Lair:4)
  Josephine (Lair:5)
  A quicksilver dragon zombie (D:15)
  4 boulder beetles
  4 vault guards (D:13)
  A catoblepas (Lair:6)
  9 hydras
  6 centaur warriors
  4 two-headed ogres
  A deep troll shaman (Lair:6)
  12 death yaks (Lair:6)
  A vampire mage (D:15)
  3 orc high priests
  Urug (D:11)
  A skeletal warrior (D:15)
  4 deep elf pyromancers
  An orc knight (Orc:1)
  A necromancer (D:15)
  2 wizards (D:14)
  4 manticores
  A wolf spider (D:15)
  A frost giant zombie (D:15)
  An orc sorcerer (Orc:1)
  10 ugly things
  21 elephants
  8 cyclopes
  5 black mambas
  4 gargoyles
  2 yaktaurs
  12 cane toads
  An efreet (D:15)
  A demonic crawler (Spider:1)
  2 unseen horrors
  2 freezing wraiths (D:15)
  8 komodo dragons
  2 rime drakes (Lair:6)
  A guardian mummy (D:15)
  4 trolls
  6 meliai
  5 polar bears
  3 tarantellas (Spider:1)
  A wind drake (Lair:4)
  A wolf spider simulacrum (D:15)
  A hornet (D:10)
  A spriggan zombie (D:15)
  13 slime creatures
  13 blink frogs
  A blink frog (shapeshifter) (D:14)
  4 culicivoras (Spider:1)
  An ettin zombie (D:15)
  A jumping spider (Spider:1)
  2 shadows
  39 yaks
  A vampire (D:12)
  3 wraiths (Lair:5)
  15 redbacks (Spider:1)
  7 basilisks
  A steam dragon (Lair:4)
  16 vampire mosquitoes
  11 wargs
  An acid dragon (D:11)
  18 water moccasins
  4 black bears
  32 orc warriors
  2 ice beasts
  3 necrophages
  7 ogres
  30 wolves
  14 centaurs
  2 phantoms
  A kobold brigand (D:7)
  A wyvern zombie (D:7)
  11 bullfrogs
  4 scorpions
  2 wyvern skeletons (D:7)
  12 wights
  16 killer bees
  An electric eel (Lair:3)
  6 centaur zombies
  3 bullfrog skeletons
  A centaur skeleton (D:7)
  20 orc priests
  24 orc wizards
  2 iguanas
  6 hell rats (Lair:6)
  2 hound skeletons (D:4)
  2 howler monkey zombies
  7 gnolls
  6 adders
  A shadow imp (D:7)
  2 white imps (D:7)
  2 ufetubi
  An adder skeleton (D:4)
  2 worms (D:2)
  A dart slug (D:1)
  99 orcs
  3 ball pythons
  4 endoplasms
  A giant cockroach (D:3)
  3 goblins
  9 hobgoblins
  11 jackals
  2 quokkas (D:1)
  2 bats (D:2)
  3 frilled lizards
  5 kobolds
  4 rats
693 creatures vanquished.

Vanquished Creatures (others)
  An orc wizard (D:11)
  51 fungi
  35 plants
  A withered plant (D:15)
88 creatures vanquished.

Grand Total: 781 creatures vanquished

Notes
Turn   | Place    | Note
-------+----------+-------------------------------------------
     0 | D:1      | Murumi the Formicid Fighter began the quest for the Orb.
     0 | D:1      | Reached XP level 1. HP: 18/18 MP: 1/1
   462 | D:1      | Reached skill level 4 in Shields
   462 | D:1      | Reached XP level 2. HP: 24/24 MP: 2/2
  1300 | D:1      | Reached XP level 3. HP: 16/30 MP: 3/3
  1437 | D:2      | Reached skill level 1 in Dodging
  1541 | D:2      | Found a white marble altar of Elyvilon.
  1748 | D:2      | Reached XP level 4. HP: 37/37 MP: 4/4
  2078 | D:2      | Reached XP level 5. HP: 4/39 MP: 5/5
  2740 | D:3      | Found a sparkling altar of Nemelex Xobeh.
  2775 | D:3      | Found a bloodstained altar of Trog.
  3310 | D:3      | Found a faded altar of an unknown god.
  3370 | D:3      | Reached XP level 6. HP: 48/48 MP: 6/6
  3412 | D:3      | Reached skill level 5 in Shields
  4246 | D:4      | Reached skill level 5 in Fighting
  4302 | D:4      | Gained mutation: Your flesh is cold resistant. (rC+)
                  | [potion of mutation]
  4302 | D:4      | Gained mutation: You are weak. (Str -2) [potion of
                  | mutation]
  4302 | D:4      | Gained mutation: You are strong-willed. (Will+) [potion of
                  | mutation]
  4349 | D:4      | Noticed a necrophage
  4370 | D:4      | Killed a necrophage
  4371 | D:4      | Reached XP level 7. HP: 53/56 MP: 7/7
  4379 | D:4      | Reached skill level 5 in Armour
  4422 | D:4      | Found a hide-covered altar of Uskayaw.
  4603 | D:4      | Found an iron altar of Okawaru.
  4618 | D:4      | Became a worshipper of Warmaster Okawaru
  4798 | D:4      | Reached skill level 6 in Shields
  4963 | D:4      | Found a glowing golden altar of the Shining One.
  5102 | D:5      | Entered Level 5 of the Dungeon
  5154 | D:5      | Found a snail-covered altar of Cheibriados.
  5244 | D:5      | Reached skill level 1 in Invocations
  5425 | D:5      | Reached * piety under Okawaru
  5426 | D:5      | Reached XP level 8. HP: 60/61 MP: 10/10
  5553 | D:5      | Reached skill level 7 in Shields
  5553 | D:5      | Reached skill level 1 in Evocations
  6064 | D:6      | Found Yjiapugu's Weapon Boutique.
  6359 | D:6      | Reached skill level 5 in Long Blades
  6479 | D:6      | Found Acodd's Antique Armour Emporium.
  6487 | D:6      | Bought a pair of boots for 99 gold pieces
  6505 | D:6      | Found a hazy altar of Hepliaklqana.
  6585 | D:6      | Reached ** piety under Okawaru
  6740 | D:6      | Reached XP level 9. HP: 55/69 MP: 11/11
  7271 | D:6      | Reached skill level 8 in Shields
  7635 | D:7      | Reached *** piety under Okawaru
  7793 | D:7      | Found a sacrificial altar of Ru.
  8099 | D:7      | Found a staircase to the Ecumenical Temple.
  8508 | D:8      | Reached XP level 10. HP: 60/77 MP: 13/13
  8531 | D:8      | Reached skill level 9 in Shields
  8986 | D:8      | Reached **** piety under Okawaru
  9823 | D:9      | Found a radiant altar of Vehumet.
  9823 | D:9      | Found a shimmering altar of Xom.
 10316 | D:9      | Found a staircase to the Orcish Mines.
 10383 | D:9      | Reached skill level 5 in Invocations
 10646 | D:9      | Reached ***** piety under Okawaru
 10871 | D:9      | Noticed a two-headed ogre
 10889 | D:9      | Killed a two-headed ogre
 10889 | D:9      | Received a gift from Okawaru
 10890 | D:9      | Reached skill level 10 in Shields
 10896 | D:9      | Reached XP level 11. HP: 84/87 MP: 7/14
 11175 | D:10     | Entered Level 10 of the Dungeon
 12128 | D:10     | Found a stormy altar of Qazlal.
 12967 | D:11     | Noticed an eight-headed hydra
 12968 | D:11     | Noticed a red ugly thing
 12979 | D:11     | Killed an eight-headed hydra
 12980 | D:11     | Reached skill level 5 in Evocations
 12988 | D:11     | HP: 4/89 [red ugly thing (22)]
 12991 | D:11     | Killed a red ugly thing
 13001 | D:11     | Identified the +4 long sword "Woul" {vorpal, rCorr Int+4
                  | Dex+3} (Okawaru gifted it to you on level 11 of the
                  | Dungeon)
 13001 | D:11     | Received a gift from Okawaru
 13004 | D:11     | Found a staircase to the Lair.
 13006 | D:11     | Reached skill level 11 in Shields
 13026 | D:11     | Noticed a cyclops
 13037 | D:11     | Killed a cyclops
 13429 | D:11     | Reached skill level 10 in Fighting
 13529 | D:11     | Found Gutuy's Antique Weapon Shop.
 13536 | D:11     | Bought a hand crossbow for 94 gold pieces
 13539 | D:11     | Found Yboajaen's Neck Hole.
 13554 | D:11     | Bought a scarf of repulsion for 168 gold pieces
 13618 | D:11     | Reached XP level 12. HP: 74/97 MP: 16/16
 13798 | D:11     | Noticed a two-headed ogre
 13806 | D:11     | Killed a two-headed ogre
 13807 | D:11     | Reached skill level 10 in Armour
 13807 | D:11     | Reached skill level 1 in Crossbows
 13843 | D:11     | Noticed a two-headed ogre
 13862 | D:11     | Killed a two-headed ogre
 14130 | D:11     | Reached ****** piety under Okawaru
 14234 | D:11     | Noticed Urug
 14247 | D:11     | Killed Urug
 14247 | D:11     | Received a gift from Okawaru
 14475 | Lair:1   | Entered Level 1 of the Lair of Beasts
 14493 | Lair:1   | Reached skill level 5 in Crossbows
 16205 | Lair:2   | Identified the +5 longbow of Reikhoel {vorpal, rElec Dex+2}
                  | (Okawaru gifted it to you on level 2 of the Lair of Beasts)
 16205 | Lair:2   | Received a gift from Okawaru
 17544 | Lair:2   | Noticed a four-headed hydra
 17559 | Lair:2   | Killed a four-headed hydra
 17735 | Lair:2   | Reached XP level 13. HP: 92/103 MP: 17/17
 17811 | Lair:2   | Noticed a seven-headed hydra
 17836 | Lair:2   | Killed a seven-headed hydra
 18510 | Lair:3   | Identified the +1 plate armour of the Rose {+Blink rElec
                  | rN++ Int-2}
 18645 | Lair:3   | Received a gift from Okawaru
 18747 | Lair:3   | Reached skill level 12 in Shields
 19037 | Lair:3   | Found a hole to the Spider Nest.
 19284 | Lair:3   | Noticed a boulder beetle
 19317 | Lair:3   | Killed a boulder beetle
 19420 | Lair:3   | Received a gift from Okawaru
 19957 | Lair:3   | Identified the +1 tower shield "Kiusim" {rF+ Str-5 Dex+2}
                  | (Okawaru gifted it to you on level 3 of the Lair of Beasts)
 19957 | Lair:3   | Received a gift from Okawaru
 20092 | Lair:4   | Noticed a five-headed hydra
 20102 | Lair:4   | Killed a five-headed hydra
 20767 | Lair:4   | Found a staircase to the Shoals.
 20891 | Lair:4   | Noticed a six-headed hydra
 20903 | Lair:4   | Killed a six-headed hydra
 21325 | Lair:4   | Noticed a dire elephant
 21347 | Lair:4   | Killed a dire elephant
 21956 | Lair:5   | Reached skill level 10 in Long Blades
 22124 | Lair:5   | Received a gift from Okawaru
 22159 | Lair:5   | Noticed a boulder beetle
 22172 | Lair:5   | Reached XP level 14. HP: 110/111 MP: 19/19
 22460 | Lair:5   | Noticed Josephine
 22490 | Lair:5   | Killed Josephine
 22593 | Lair:5   | Found a hazy altar of Hepliaklqana.
 22613 | Lair:5   | Reached skill level 10 in Crossbows
 23053 | Lair:6   | Entered Level 6 of the Lair of Beasts
 23085 | Lair:6   | Found a runed translucent door.
 23085 | Lair:6   | Found a viscous altar of Jiyva.
 23085 | Lair:6   | Found a staircase to the Slime Pits.
 23433 | Lair:5   | Received a gift from Okawaru
 23806 | Lair:6   | Reached skill level 13 in Shields
 24606 | Lair:6   | Received a gift from Okawaru
 25607 | Lair:6   | Received a gift from Okawaru
 26256 | Lair:6   | Reached skill level 14 in Shields
 26587 | Lair:6   | Received a gift from Okawaru
 26588 | Lair:6   | Reached skill level 5 in Dodging
 26604 | Lair:6   | Reached XP level 15. HP: 36/120 MP: 12/21
 27529 | Orc:1    | Entered Level 1 of the Orcish Mines
 27735 | Orc:1    | Noticed an orc warlord
 27777 | Orc:1    | Killed an orc warlord
 28320 | Orc:1    | Found Gol Ysiggu's Overcharged Wands.
 28653 | Orc:2    | Entered Level 2 of the Orcish Mines
 28697 | Orc:1    | Identified the +9 hand crossbow of Ambiguity {flame, Will+}
                  | (Okawaru gifted it to you on level 1 of the Orcish Mines)
 28697 | Orc:1    | Received a gift from Okawaru
 29200 | Orc:2    | Found a bloodstained altar of Trog.
 29443 | Orc:2    | Noticed an orc warlord
 29463 | Orc:2    | Killed an orc warlord
 29969 | Orc:2    | Found a staircase to the Elven Halls.
 30227 | Orc:2    | Found Katusch's Weapon Emporium.
 30549 | Orc:2    | Found Jyhur's Antique Weapon Emporium.
 30551 | Orc:2    | Found Huesar's Antique Armour Shoppe.
 30564 | Orc:2    | Bought a glowing great sword for 218 gold pieces
 30618 | Orc:2    | Found Miolobes's Weapon Shoppe.
 31181 | D:12     | Identified the +1 chain mail of the Volcano {rElec rPois
                  | MP-9 Str-2} (Okawaru gifted it to you on level 12 of the
                  | Dungeon)
 31181 | D:12     | Received a gift from Okawaru
 31589 | D:12     | Found a sparkling altar of Nemelex Xobeh.
 33150 | D:13     | Reached XP level 16. HP: 130/130 MP: 22/22
 33185 | D:13     | Reached skill level 15 in Shields
 33247 | D:13     | Got Emmeshre's Tome of Unstable Creation
 33252 | D:13     | Found an ornate altar of the Wu Jian Council.
 33521 | D:13     | Found a gate to the Vaults.
 33931 | D:14     | Received a gift from Okawaru
 33948 | D:14     | Found a hide-covered altar of Uskayaw.
 34015 | D:14     | Identified the ring of the Piercing Traitor {rC+ Slay+2}
 34689 | D:15     | Entered Level 15 of the Dungeon
 35546 | D:15     | Found a staircase to the Depths.
 36164 | D:15     | Found a portal to a secret trove of treasure.
 36393 | D:15     | Received a gift from Okawaru
 37155 | Spider:1 | Entered Level 1 of the Spider Nest
 37360 | Spider:1 | Noticed an emperor scorpion
 37380 | Spider:1 | Killed an emperor scorpion
 37455 | Spider:1 | Received a gift from Okawaru
 37671 | Spider:1 | Noticed Louise
 37702 | Spider:1 | Killed Louise
 38052 | Spider:1 | Reached skill level 16 in Shields
 38065 | Spider:1 | Received a gift from Okawaru
 38859 | Spider:1 | Slain by a radroach

Illustrated notes

Levels and vault maps discovered:
D:1:      minmay_arrival_four_circles, layout_rooms, serial_co_window_serial,
          co_window_corner_a, co_window_cross_1, co_window_corner_a,
          co_window_paths_a, co_window_paths_a, co_window_broadway_a,
          co_window_of_opportunity_c, co_window_unsneaky_path_c,
          co_window_paths_c, co_window_corner_b, co_window_2corner,
          co_window_paths_e, co_window_4corner_a, glass_columns_b,
          glass_columns_b, chequers_serial_rivers_micro_c
D:2:      layout_loops_ring, basic_altar
D:3:      layout_basic, trog_three_pillars_becter, mainiacjoe_overflow_paths,
          chequers_ecumenical_altar_island
D:4:      layout_loops_cross, mainiacjoe_overflow_catwalk,
          okawaru_ov_weapons_minmay, amcnicky_altar_gilded, minmay_liquid_box
D:5:      layout_basic, mainiacjoe_overflow_cross_hatched
D:6:      layout_basic, nicolae_hepliaklqana_hazy_memory, serial_shops,
          nicolae_stop_n_shop_1, shop, due_unseen_surprise
D:7:      layout_rooms, hangedman_ru_absence,
          minmay_temple_entry_statues_fountains, kennysheep_generic_room_13
D:8:      layout_basic
D:9:      layout_big_octagon, chequers_temple_overflow_statue_of_worship,
          david_orc_5
D:10:     layout_cave_pools, grunt_qazlal_sundering, small_statue_alley_b
D:11:     layout_small_grid, erik_lair_orcish_takeover, serial_shops, shop,
          fungi_pond_lemuel, nicolae_shop_sticking_my_neck_out, uniq_urug
D:12:     layout_roguey, nemelex_lonely_heart_becter
D:13:     layout_roguey, lightli_vaults_fourway_checkpoint,
          nzn_wu_jian_council_hall
D:14:     layout_rooms, nicolae_uskayaw_murder_on_the_dancefloor, nrook_uturn
D:15:     gammafunk_depths_entry_grave, layout_basic,
          nicolae_trove_entry_crossroad, small_statue_intersection,
          minmay_statues_item
Lair:1:   layout_roguey
Lair:2:   layout_cave_pods, grunt_megastairs_3
Lair:3:   layout_long_grid, spider_nest_entry_web_field,
          infiniplex_staircase_pool, serial_bayou_shore_a
Lair:4:   beast_lair_carwin_large_1, layout_big_grid,
          minmay_shoals_entry_beasts, amcnicky_mini_pool_medium,
          lemuel_fruit_tree
Lair:5:   hellmonk_destroyed_diamonds, layout_cave_shapes, basic_altar,
          uniq_josephine
Lair:6:   grunt_lair_end_beastmaster, layout_cave_pods, slime_altar_2,
          lemuel_fruit_fields
Spider:1: layout_spider_delve, uniq_louise
Orc:1:    cheibrodos_orc_guarddog, layout_caves, nicolae_shop_overcharged_wands
Orc:2:    grunt_orc_community_town_hall, layout_caves,
          grunt_orc_community_big_house_1, grunt_orc_community_big_house_2,
          grunt_orc_community_house_2, grunt_orc_community_house_1,
          grunt_orc_community_house_2, grunt_orc_community_house_3, basic_altar

Skill      XL: |  1  2  3  4  5  6  7  8  9 10 11 12 13 14 15 16 |
---------------+-------------------------------------------------+-----
Shields        | 4 5 6 7 8 10 11 12 14 16 | 16.0
Fighting       | 4 5 6 7 8 10 11 12 13 | 13.2
Dodging        | 1 2 3 4 5 |  5.0
Long Blades    | 3 4 5 6 7 8 9 10 11 12 | 12.0
Armour         | 4 5 6 7 8 9 10 11 12 13 | 13.0
Invocations    | 3 4 5 6 7 8 9 |  9.0
Evocations     | 2 3 4 5 6 7 8 |  8.0
Crossbows      | 8 9 10 11 12 | 12.0

Action                   |  1- 3 |  4- 6 |  7- 9 | 10-12 | 13-15 | 16-18 || total
-------------------------+-------+-------+-------+-------+-------+-------++-------
Melee: Long sword        |    74 |   165 |   384 |   860 |  1297 |   140 ||  2920
       Dagger            |       |       |       |       |    22 |       ||    22
       Triple sword      |       |       |       |       |       |   210 ||   210
       Great sword       |       |       |       |       |       |     2 ||     2
 Fire: Hand crossbow     |       |       |       |    67 |   438 |   137 ||   642
       Arbalest          |       |       |       |       |    76 |       ||    76
Invok: Heroism           |       |       |       |     7 |    18 |     9 ||    34
       Finesse           |       |       |       |     4 |    13 |     4 ||    21
 Abil: Dig               |       |     2 |     1 |     2 |    11 |     3 ||    19
Evoke: Wand              |       |       |       |     7 |     1 |       ||     8
  Use: Scroll            |     4 |     6 |     7 |     5 |     4 |     3 ||    29
       Potion            |       |     4 |       |     2 |       |     3 ||     9
Armor: Chain mail        |    35 |    77 |   166 |    68 |       |       ||   346
       Scale mail        |     3 |       |       |       |       |       ||     3
       Plate armour      |       |       |       |   303 |   497 |   143 ||   943
Dodge: Dodged            |    16 |    56 |   104 |   188 |   267 |    76 ||   707
       Repelled          |       |       |       |       |     4 |       ||     4
Block: Buckler           |    15 |    48 |   235 |    33 |       |       ||   331
       Reflection        |       |       |     7 |    10 |       |       ||    17
       Kite shield       |       |       |       |   593 |   743 |   165 ||  1501
       Tower shield      |       |       |       |       |       |    72 ||    72

Table legend: (Time is in decaauts)
 A = Elapsed time spent in this place.
 B = Non-inter-level travel time spent in this place.
 C = Inter-level travel time spent in this place.
 D = Time resting spent in this place.
 E = Time spent auto-exploring this place.
 F = Levels seen in this place.
 G = Mean time per level.
                   A        B        C        D        E       F      G
               +--------+--------+--------+--------+--------+-----+--------+
         Total |  38746 |  36171 |   2575 |   2275 |  27251 |  24 | 1614.4 |
       Dungeon |  21194 |  19383 |   1811 |    735 |  14942 |  15 | 1412.9 |
          Lair |  12870 |  12337 |    533 |   1433 |   8966 |   6 | 2145.0 |
   Spider Nest |   1502 |   1502 |      0 |     23 |   1233 |   1 | 1502.0 |
  Orcish Mines |   3179 |   2949 |    230 |     84 |   2110 |   2 | 1589.5 |
               +--------+--------+--------+--------+--------+-----+--------+

Top non-repeatable levels by time:
  Lair:6: 3506 daAuts
     D:9: 2581 daAuts
  Lair:2: 2208 daAuts
    D:15: 2035 daAuts
  Lair:4: 1934 daAuts
    D:11: 1824 daAuts
  Lair:3: 1773 daAuts
  Lair:1: 1724 daAuts
  Lair:5: 1723 daAuts
   Orc:2: 1687 daAuts
    D:12: 1552 daAuts
Spider:1: 1502 daAuts
   Orc:1: 1491 daAuts
     D:1: 1487 daAuts
     D:3: 1484 daAuts
